 Dungeon Crawl Stone Soup version 0.30.1-4-g462c640d31 (webtiles) character file.

Game seed: 8283105307239288617

24 Kranky the Firebug (level 3, -1/27 HPs)
             Began as a Formicid Wanderer on Sept 8, 2023.
             Slain by an adder (3 damage)
             ... on level 2 of the Dungeon.
             The game lasted 00:02:31 (650 turns).

Kranky the Firebug (Formicid Wanderer)               Turns: 650, Time: 00:02:32

Health: -1/27      AC:  5    Str: 19    XL:     3   Next: 15%
Magic:  5/5        EV: 10    Int: 13    God:
Gold:   45         SH:  0    Dex: 10    Spells: 4/5 levels left

rFire   . . .        i - +0 short sword
rCold   . . .        (no shield)
rNeg    . . .        e - +0 ring mail
rPois   .            (helmet unavailable)
rElec   .            (no cloak)
rCorr   .            (no gloves)
SInv    +            (no boots)
Will    .....        (no amulet)
Stlth   +            (no ring)
HPRegen 0.24/turn    (no ring)
MPRegen 0.09/turn

%: no passive effects
@: lethally poisoned (-1 -> -4)
A: permanent stasis, dig shafts and tunnels, antennae 3, four strong arms
a: Dig, Shaft Self


You were on level 2 of the Dungeon.
You visited 1 branch of the dungeon, and saw 2 of its levels.

You collected 45 gold pieces.

Inventory:

Hand Weapons
 a - a +0 club
 i - a +0 short sword (weapon)
Armour
 c - a +0 leather armour
 e - a +0 ring mail (worn)
Jewellery
 j - an amulet of faith
Scrolls
 f - a scroll of torment {unknown}
 g - 2 scrolls of poison {unknown}
 h - a scroll of amnesia {unknown}
Potions
 b - a potion of curing
 d - a potion of lignification


   Skills:
 + Level 2.0 Fighting
 + Level 2.7 Armour
 - Level 1.2 Stealth
 + Level 1.9 Spellcasting
 - Level 3.0 Fire Magic
 - Level 1.3 Poison Magic
 - Level 1.1 Invocations


You had 4 spell levels left.
You knew the following spells:

 Your Spells              Type           Power      Damage    Failure   Level
a - Foxfire               Conj/Fire      20%        2x1d5     24%         1

Your spell library contained the following spells:

 Spells                   Type           Power      Damage    Failure   Level
 Sting                    Tmut/Pois      12%        1d3       32%         1
 Ignite Poison            Fire/Tmut/Pois 5%         N/A       56%         3
 Sticky Flame             Conj/Fire      5%         2d3       93%         4


Dungeon Overview and Level Annotations

Branches:
Dungeon (1/15)

Altars:


Innate Abilities, Weirdness & Mutations

You cannot be hasted, slowed, berserked, paralysed or teleported.
You can dig through walls and to a lower floor.
You have a pair of large antennae on your head. (SInv)
Your four strong arms can wield two-handed weapons with a shield.


Message History

You hit the adder.
The adder is lightly wounded.
You feel sick. The adder barely misses you. The adder closely misses you.
You closely miss the adder.
The adder is lightly wounded.
You feel sick. The adder bites you.
You are more poisoned.
The adder poisons you!
You closely miss the adder.
The adder is lightly wounded.
You feel sick. The adder bites you.
You are more poisoned.
The adder poisons you!
You closely miss the adder.
The adder is lightly wounded.
You feel sick. The adder barely misses you. The adder closely misses you.
You miss the adder.
The adder is lightly wounded.
You feel sick. The adder bites you.
You miss the adder.
The adder is lightly wounded.
You feel sick. The adder closely misses you.
You closely miss the adder.
The adder is lightly wounded.
You feel sick. The adder bites you but does no damage.
You closely miss the adder.
The adder is lightly wounded.
You feel sick. The adder closely misses you.
The adder bites you but does no damage.
You closely miss the adder.
You feel sick. The adder bites you.
* * * LOW HITPOINT WARNING * * *
You are lethally poisoned!
The adder poisons you!
You hit the adder but do no damage.
* * * LOW HITPOINT WARNING * * *
You feel sick. The adder misses you.
You barely miss the adder.
* * * LOW HITPOINT WARNING * * *
You feel sick. The adder bites you.
You die...

..# #........#
..#
#.#.#..#######
..#
#.#.#....(....
#..#
#.#.#.########
#.... .#
#####.#.#.#
#.....
...###.......#.#
# ####
##..........##.#
............##.#
#.....@.......#
#.###S###..####
#. #........ ..
#...##### ###
#...# #...#
#...# #...#
#...#


You could see an adder.

Vanquished Creatures
  An adder (D:2)
  A worm (D:2)
  An endoplasm (D:1)
  A hobgoblin (D:1)
  2 quokkas
  2 bats
  A kobold (D:2)
  6 rats
15 creatures vanquished.

Notes
Turn   | Place    | Note
-------+----------+-------------------------------------------
     0 | D:1      | Kranky the Formicid Wanderer began the quest for the Orb.
     0 | D:1      | Kranky set off with the following items: a +0 club, a
                  | potion of curing, a +0 leather armour, a potion of
                  | lignification; and the following spells available to
                  | memorise: Foxfire, Sting, Ignite Poison, Sticky Flame.
     0 | D:1      | Reached XP level 1. HP: 15/15 MP: 2/2
     2 | D:1      | Learned a level 1 spell: Foxfire
   150 | D:1      | Reached XP level 2. HP: 21/21 MP: 4/4
   224 | D:1      | You fall into a shaft and drop 1 floor!
   425 | D:2      | Reached XP level 3. HP: 2/27 MP: 5/5
   650 | D:2      | Slain by an adder

Illustrated notes

Levels and vault maps discovered:
D:1:      dpeg_arrival_arbitrary_b, layout_rooms, kennysheep_pointless_box,
          chequers_arboretum, minmay_misc_feat_cross, minmay_rat_gold_closets
D:2:      minmay_angry_zag, layout_basic, minivault_23, grunt_ministairs_1

Skill      XL: |  1  2  3 |
---------------+----------+-----
Fighting       | 2 |  2.0
Armour         | |  2.7
Stealth        | |  1.2
Spellcasting   | |  1.9
Fire Magic     | |  3.0
Poison Magic   | |  1.3
Invocations    | |  1.1

Action                     || total
---------------------------++-------
  Melee: Club              ||    45
         Short sword       ||    55
         Punch             ||     1
Ability: Shaft Self        ||     1
 Armour: Ring mail         ||    35
  Dodge: Dodged            ||    65
